 Dungeon Crawl Stone Soup version 0.27-a0-732-ga892ba84f6 (webtiles) character file.

Game seed: 2723676855515296539

5 Lanoc the Grasshopper (level 1, 0/19 HPs)
             Began as a Naga Warper on Mar 24, 2021.
             Slain by a bat (1 damage)
             ... on level 1 of the Dungeon.
             The game lasted 00:00:45 (184 turns).

Lanoc the Grasshopper (Naga Warper)                  Turns: 184, Time: 00:00:45

Health: 0/19       AC:  1    Str: 13    XL:     1   Next: 80%
Magic:  3/3        EV:  9    Int: 13    God:
Gold:   20         SH:  0    Dex: 10    Spells: 4/4 levels left

rFire    . . .     SeeInvis +   a - +0 spear
rCold    . . .     Faith    .   (no shield)
rNeg     . . .     Spirit   .   b - +0 leather armour
rPois    +         Reflect  .   (no helmet)
rElec    .         Harm     .   (no cloak)
rCorr    .         Rampage  .   (no gloves)
Will     .....                  (no barding)
Stlth    +.........             (no amulet)
HPRegen  0.06/turn              (no ring)
MPRegen  0.08/turn              (no ring)

@: short of breath, very slow
A: AC +0, large, see invisible, deformed body, poison resistance, slowness 2,
spit poison 1, naga tail 1
a: Spit Poison


You were on level 1 of the Dungeon.
You visited 1 branch of the dungeon, and saw 1 of its levels.

You collected 20 gold pieces.

Inventory:

Hand Weapons
 a - a +0 spear (weapon)
Missiles
 e - 5 boomerangs of dispersal (quivered)
Armour
 b - a +0 leather armour (worn)
Scrolls
 c - a scroll of immolation {unknown}
 d - a scroll of blinking
 f - a scroll of fear {unknown}
 g - a scroll of teleportation {unknown}


   Skills:
 + Level 2.1 Fighting
 - Level 2.0 Polearms
 - Level 0.8 Throwing
 - Level 0.7 Armour
 + Level 1.7 Dodging
 - Level 2.0 Spellcasting
 * Level 3.2 Translocations


You had 4 spell levels left.
You didn't know any spells.
Your spell library contained the following spells:

 Spells                   Type           Power      Damage    Failure   Level
 Blink                    Tloc           N/A        N/A       13%         2
 Gell's Gravitas          Tloc           4%         N/A       26%         3
 Lesser Beckoning         Tloc           4%         N/A       26%         3
 Teleport Other           Tloc           9%         N/A       26%         3
 Manifold Assault         Tloc           9%         N/A       65%         4


Dungeon Overview and Level Annotations

Branches:
Dungeon (1/15)

Altars:

Shops:
D:1 *(


Innate Abilities, Weirdness & Mutations

Your serpentine skin is tough. (AC +0)
You have supernaturally acute eyesight. (SInv)
Armour fits poorly on your strangely shaped body.
Your system is resistant to poisons. (rPois)
You cover ground very slowly.
You can spit poison.
You have a snake-like lower body.


Message History

The hobgoblin shouts!
The goblin shouts!
The bat barely misses you.
You reach to attack!
You closely miss the bat.
The bat is heavily wounded.
The bat barely misses you.
You hit the hobgoblin.
The hobgoblin is almost dead.
The hobgoblin barely misses you.
You hit the hobgoblin.
You kill the hobgoblin!
The bat closely misses you. The bat hits you.
You closely miss the bat.
The bat is heavily wounded.
The bat hits you but does no damage.
Press: ? - help, Shift-Dir - straight line, f/p - bat
Aim: a bat (heavily wounded)
The splash of poison misses the bat.
The bat hits you. The goblin hits you with a +0 club.
You barely miss the bat.
The bat is heavily wounded.
The bat hits you.
An ooze comes into view. x2
The goblin hits you with a +0 club.
* * * LOW HITPOINT WARNING * * *
The ooze quivers.
You hit the goblin.
The goblin is severely wounded.
The bat hits you but does no damage. The goblin hits you with a +0 club.
* * * LOW HITPOINT WARNING * * *
You have got your breath back.
The goblin barely misses you.
Press: ? - help, Shift-Dir - straight line, f/p - bat
Aim: a bat The splash of poison hits the goblin!
You kill the goblin!
The bat closely misses you. The bat hits you.
* * * LOW HITPOINT WARNING * * *
The bat hits you.
You die...

##.>## #. .# #...# #. .#
#.#.## #. ..######.#...
##.#### ............. .....#
#...##♣♣♣.♣♣♣ #...# #...#
♣⌠♣
...#.#...#######...♣♣♣♣♣.♣♣♣
#.......J)b@..........⌠.<.⌠.
.....(.########....♣♣♣♣♣.♣♣♣
###.#.. #....# ♣⌠♣ .....#
#.#..##♣♣♣.♣♣♣ # ##.#
#.##.#........... #J
.....##>###...... .
.#.........### ..
.....##.####.# ...####.# #.#


You could see an ooze and a bat.

Vanquished Creatures
  A goblin (D:1)
  2 hobgoblins (D:1)
  A ball python (D:1)
  A rat (D:1)
5 creatures vanquished.

Notes
Turn   | Place    | Note
-------+----------+-------------------------------------------
     0 | D:1      | Lanoc the Naga Warper began the quest for the Orb.
     0 | D:1      | Reached XP level 1. HP: 19/19 MP: 3/3
     8 | D:1      | Found Tenkac's Weapon Emporium.
    62 | D:1      | Found Seun's Assorted Antiques.
   184 | D:1      | Slain by a bat

Illustrated notes

Levels and vault maps discovered:
D:1:      scummos_arrival_forest, layout_rooms, serial_shops,
          nicolae_shop_waterfront, shop, minivault_24, patterned_corridor

Action                   || total
-------------------------++-------
Melee: Spear             ||    11
 Abil: Spit Poison       ||     5
Armor: Leather armour    ||     2
Dodge: Dodged            ||     8

Table legend: (Time is in decaauts)
 A = Elapsed time spent in this place.
 B = Non-inter-level travel time spent in this place.
 C = Inter-level travel time spent in this place.
 D = Time resting spent in this place.
 E = Time spent auto-exploring this place.
 F = Levels seen in this place.
 G = Mean time per level.
                   A        B        C        D        E       F      G
               +--------+--------+--------+--------+--------+-----+--------+
         Total |    233 |    233 |      0 |      0 |    194 |   1 |  233.0 |
       Dungeon |    233 |    233 |      0 |      0 |    194 |   1 |  233.0 |
               +--------+--------+--------+--------+--------+-----+--------+

Top non-repeatable levels by time:
     D:1: 233 daAuts
